 Dungeon Crawl Stone Soup version 0.28-a0-241-gfbb0926a3a (webtiles) character file.

Game seed: 4554268238664579114

144 Colgate the Chopper (level 5, -5/36 HPs)
             Began as an Octopode Fighter on Aug 24, 2021.
             Was an Initiate of Makhleb.
             Killed by nerve-wracking pain
             ... invoked by an orc priest
              (7 damage)
             ... on level 3 of the Dungeon.
             The game lasted 00:08:29 (3623 turns).

Colgate the Chopper (Octopode Fighter)              Turns: 3623, Time: 00:08:29

Health: -5/36      AC:  1    Str: 15    XL:     5   Next: 27%
Magic:  5/5        EV: 11    Int: 11    God:    Makhleb [......]
Gold:   134        SH:  8    Dex: 12    Spells: 4/4 levels left

rFire   . . .      SeeInvis .   Y - +0 war axe
rCold   . . .      Faith    .   b - +0 kite shield
rNeg    . . .      Spirit   .   (helmet restricted)
rPois   .          Reflect  .   (no amulet)
rElec   .          Harm     .   (no ring)
rCorr   .          Rampage  .   (no ring)
Will    .....                   (no ring)
Stlth   ++........              (no ring)
HPRegen 0.12/turn               (no ring)
MPRegen 0.09/turn               (no ring)
                                (no ring)
                                (no ring)

@: no status effects
A: almost no armour, amphibious, 8 rings, camouflage 1, gelatinous body 1,
(nimble swimmer 1), tentacles
a: Renounce Religion


You were on level 3 of the Dungeon.
You worshipped Makhleb.
Makhleb was noncommittal.
You visited 1 branch of the dungeon, and saw 3 of its levels.

You collected 134 gold pieces.


Innate Abilities, Weirdness & Mutations

You cannot wear most types of armour.
You are amphibious.
You can wear up to eight rings at the same time.
Your skin changes colour to match your surroundings (Stealth+).
Your rubbery body absorbs attacks. (AC +1, EV +1)
((You are camouflaged near water. (Stealth+)))
You have tentacles for arms and can constrict up to eight enemies at once.


   Skills:
 - Level 3.0 Fighting
 + Level 5.3 Axes
 - Level 3.0 Dodging
 - Level 3.0 Shields


You had 4 spell levels left.
You didn't know any spells.
Your spell library was empty.

Inventory:

Hand Weapons
 a - a +0 flail
 Y - a +0 war axe (weapon)
Missiles
 e - 6 javelins
Armour
 b - a +0 kite shield (worn)
Scrolls
 f - a scroll of fog {unknown}
 h - a scroll of identify
Potions
 c - a potion of might
 d - a potion of curing

Dungeon Overview and Level Annotations

Branches:
Dungeon (3/15)

Altars:
Makhleb


Message History

You barely miss the orc.
The orc priest shouts!
Your grab misses the orc. You block the orc's attack.
You hit the orc. You grab the orc.
The orc is moderately wounded.
You constrict the orc. You block the orc's attack.
The orc priest invokes the aid of Beogh against you.
Beogh smites you! The orc barely misses you.
You slash the orc!
You kill the orc!
Makhleb accepts your kill.
You slash the orc!
You kill the orc!
Makhleb accepts your kill.
The orc priest mumbles some strange prayers to Beogh against you.
Beogh smites you!
The orc priest mumbles some strange prayers to Beogh against you.
You barely resist.
Things that are here:
a +0 club; 5 boomerangs The orc priest looks encouraged for a moment.
You closely miss the orc priest. Your grab misses the orc priest.
The orc priest hits you with a +0 trident.
You closely miss the orc priest. You grab the orc priest.
You squeeze the orc priest.
The orc priest is moderately wounded.
You constrict the orc priest, but do no damage.
You block the orc priest's attack.
The orc priest hits you with a +0 trident.
You hit the orc priest but do no damage.
The orc priest is moderately wounded.
You constrict the orc priest.
The orc priest hits you with a +0 trident.
You hit the orc priest. Your squeeze misses the orc priest.
The orc priest is severely wounded.
You constrict the orc priest, but do no damage.
The orc priest invokes the aid of Beogh against you.
Pain shoots through your body!
You die...

#.##.....##.#####.#
###.######.#....# #.#
#.[........#..#.# #.#
#[#.#..##..#..#.# #.#
######.#.....#..#..#.###.#
.#......#.....#........##.##
...###..####.##.#####..##%..
......<.#................###
..........o@)...............
##...(......)##.......######
#.######....########## #.
#....# ############ .
...###..####...........
........................
........................
..............#####..##.
....###.#####.#.........


You could see an orc priest.

Vanquished Creatures
  2 orc wizards (D:3)
  2 worms (D:2)
  6 dart slugs
  10 orcs
  8 ball pythons
  4 bats
  6 endoplasms
  8 goblins
  5 hobgoblins
  4 frilled lizards
  7 kobolds (D:2)
  5 rats
67 creatures vanquished.

Notes
Turn   | Place    | Note
-------+----------+-------------------------------------------
     0 | D:1      | Colgate the Octopode Fighter began the quest for the Orb.
     0 | D:1      | Reached XP level 1. HP: 16/16 MP: 1/1
     0 | D:1      | 0 ||| counter = 62
   196 | D:1      | Reached XP level 2. HP: 17/21 MP: 2/2
   284 | D:1      | 284 ||| DROPPING +0 club.
   369 | D:1      | Reached skill level 3 in Axes
   497 | D:1      | Found a faded altar of an unknown god.
   775 | D:1      | Reached XP level 3. HP: 25/26 MP: 3/3
  2020 | D:2      | Reached skill level 4 in Axes
  2131 | D:2      | Reached XP level 4. HP: 31/31 MP: 4/4
  2559 | D:2      | 2559 ||| STAIRDANCE
  2715 | D:1      | 2715 ||| READING scroll labelled UWKOER SEEPT.
  2719 | D:1      | 2719 ||| READING 2 scrolls labelled ERRILU WATE.
  2720 | D:1      | 2720 ||| READING scroll labelled NANETWODESH.
  2855 | D:1      | 2855 ||| DRINKING 3 inky potions.
  3097 | D:3      | 3097 ||| STAIRDANCE
  3142 | D:3      | 3142 ||| STAIRDANCE
  3147 | D:2      | 3147 ||| DROPPING +0 mace.
  3153 | D:3      | 3153 ||| STAIRDANCE
  3261 | D:3      | 3261 ||| STAIRDANCE
  3337 | D:3      | Found a burning altar of Makhleb.
  3343 | D:3      | 3343 ||| DRINKING 2 potions of curing.
  3343 | D:3      | 3343 ||| (to cure confusion)
  3345 | D:3      | Reached skill level 5 in Axes
  3345 | D:3      | Reached XP level 5. HP: 36/36 MP: 5/5
  3353 | D:3      | Became a worshipper of Makhleb the Destroyer
  3620 | D:3      | HP: 9/36 [orc priest (4)]
  3622 | D:3      | HP: 2/36 [orc priest (3)]
  3623 | D:3      | Killed from afar by an orc priest

Levels and vault maps discovered:
D:1:      psy_arrival_dodecagon, layout_loops_ring, serial_forest,
          infiniplex_forest_fountain, infiniplex_forest_lined_room_3,
          infiniplex_forest_straight_2, infiniplex_forest_straight_4,
          chequers_ecumenical_altar_grove
D:2:      kennysheep_six_static_rooms, layout_loops_ring
D:3:      layout_basic, minitemple, nicolae_wu_jian_immortal_techniques,
          mainiacjoe_overflow_concentric_impassable, minmay_statues_item

Skill      XL: |  1  2  3  4 |
---------------+-------------+-----
Axes           | 3 4 5 |  5.3
Fighting       | |  3.0
Dodging        | |  3.0
Shields        | |  3.0

Action                   |  1- 3 |  4- 6 || total
-------------------------+-------+-------++-------
Melee: War axe           |    70 |    52 ||   122
       Constrict         |    23 |    13 ||    36
       Tentacles         |    18 |     9 ||    27
  Use: Scroll            |       |     3 ||     3
       Potion            |       |     2 ||     2
 Stab: Sleeping          |       |     2 ||     2
Armor: Skin              |     4 |     2 ||     6
Dodge: Dodged            |    20 |    10 ||    30
Block: Kite shield       |    21 |    24 ||    45

Table legend:
 A = Non-vault XP
 B = Vault XP
 C = Vault XP percentage of total XP
 D = Non-vault monster count
 E = Vault monster count
 F = Vault count percentage of total count
                 A         B        C        D         E       F
            +---------+---------+-------+---------+---------+-------
      Total |     193 |      14 |   6.8 |      61 |       6 |   9.0
            +---------+---------+-------+---------+---------+-------
        D:1 |      51 |       0 |   0.0 |      25 |       0 |   0.0
        D:2 |      38 |      14 |  26.9 |      20 |       6 |  23.1
        D:3 |     104 |       0 |   0.0 |      16 |       0 |   0.0
            +---------+---------+-------+---------+---------+-------
